AoeStats
← KarleEgon

Arena

506849939Analyzed
1v1 RM · 18d ago on Sep 15, 2026· 24m 33s· 2 players
Game mode
Random Map
Map size
Tiny (2 player)
Population
200
Speed
Normal
Resources
Standard
Victory
Conquest
Starting age
Dark Age
Ending age
Imperial Age
RankedLock teamsTeams togetherTeam positionsShared explorationLock speedFull tech treeHidden civsTurbo modeCheats
Victory
Defeat
🇩🇪 Japanese · Germany
751
+17
🇦🇷 Vietnamese · Argentina
777
-17
KarleEgon
0:27 Loom
11:24 Feudal Age
12:01 Horse Collar
12:15 Double-Bit Axe
17:42 Castle Age
18:30 Gold Mining
18:55 Bow Saw
18:34 Man-at-Arms
19:17 Squires
20:13 Scale Mail Armor
21:07 Gambesons
22:51 Wheelbarrow
21:50 Crossbowman
23:36 Gold Shaft Mining
24:20 Bloodlines
Eldomador
11:07 Feudal Age
17:12 Castle Age
15:37 Double-Bit Axe
17:25 Loom
18:15 Bow Saw
17:48 Horse Collar
19:08 Town Watch
21:14 Gold Mining
Connection lost

Rejoining the realm…

Still unreachable

The connection could not be restored.

Session expired

The server has moved on; the page needs a fresh start.